[Event "Biel Master Tournament 2019"]
[Site "Biel"]
[Date "2019.07.28"]
[Round "6.12"]
[White "Aryan, Chopra"]
[Black "Saravanan, V.."]
[Result "1-0"]
[ECO "B80"]
[WhiteElo "2553"]
[BlackElo "2332"]
[Annotator "ChessBase"]
[PlyCount "93"]
[EventDate "2019.07.20"]
[EventType "swiss"]
[EventCountry "SUI"]
[SourceTitle "playchess.com"]
[Source "ChessBase"]
[SourceQuality "1"]
[TimeControl "40/5400+30:1800+30"]

1. e4 e6 2. d4 d5 3. Nc3 Nf6 4. e5 Nfd7 5. f4 c5 6. Nf3 Nc6 7. Be3 Be7 8. Qd2 O-O 9. dxc5 Nxc5 10. O-O-O a6 11. Qf2 Nd7 12. Nd4 Na5 13. Qg3 b5 14. Bd3 Bb7 15. f5 Nxe5 16. Qxe5 Bf6 17. Qg3 e5 18. Nb3 Nxb3+ 19. axb3 d4 20. Be4 Qe7 21. Qf3 Bxe4 22. Nxe4 dxe3 23. Qxe3 Rfc8 24. Rd5 Qc7 25. Qd3 Rd8 26. Rd1 Be7 27. Qc3 Qxc3 28. bxc3 f6 29. Rxd8+ Rxd8 30. Rxd8+ Bxd8 31. Kd2 g6 32. g4 gxf5 33. gxf5 Kg7 34. Nc5 Kh6 35. Kd3 a5 36. c4 Be7 37. Ne4 a4 38. bxa4 bxa4 39. c5 Kh5 40. c6 Bd8 41. h3 Ba5 42. c4 Kh4 43. Kc2 h5 44. c5 Kxh3 45. Nxf6 h4 46. Ne4 Kg2 47. f6 1-0

[Event "Biel Master Tournament 2019"]
[Site "Biel"]
[Date "2019.07.28"]
[Round "6.14"]
[White "Shchekachev, Andrei"]
[Black "Sukandar, Irine Kharisma"]
[Result "1-0"]
[ECO "D39"]
[WhiteElo "2531"]
[BlackElo "2396"]
[Annotator "ChessBase"]
[PlyCount "85"]
[EventDate "2019.07.20"]
[EventType "swiss"]
[EventCountry "SUI"]
[SourceTitle "playchess.com"]
[Source "ChessBase"]
[SourceQuality "1"]
[TimeControl "40/5400+30:1800+30"]

1. Nf3 Nf6 2. c4 e6 3. Nc3 d5 4. d4 dxc4 5. Bg5 Bb4 6. e4 b5 7. a4 c5 8. axb5 cxd4 9. Nxd4 h6 10. Be3 Nxe4 11. Qc2 Bb7 12. Bxc4 O-O 13. O-O Nxc3 14. bxc3 Bd6 15. Be2 Qc7 16. h3 Nd7 17. Nb3 Nc5 18. Nxc5 Bxc5 19. Bxc5 Qxc5 20. Rfd1 Rfd8 21. Qb3 g6 22. Bf1 Rd5 23. c4 Rxd1 24. Rxd1 a6 25. Ra1 Qe5 26. Qb1 Rb8 27. Ra3 axb5 28. cxb5 Bd5 29. Qc1 h5 30. Rc3 Kg7 31. Rc8 Rxc8 32. Qxc8 Qb2 33. Qc7 Qb1 34. Qc5 Kg8 35. Qd4 Kf8 36. Qc5+ Kg8 37. Qd4 Kf8 38. h4 Ke8 39. Qc5 Qe4 40. b6 Bc6 41. b7 Bxb7 42. Bb5+ Kd8 43. Qd6+ 1-0

[Event "Biel Master Tournament 2019"]
[Site "Biel"]
[Date "2019.07.28"]
[Round "6.15"]
[White "Gukesh D"]
[Black "Wong, Jianwen"]
[Result "1-0"]
[ECO "B31"]
[WhiteElo "2520"]
[BlackElo "2301"]
[Annotator "ChessBase"]
[PlyCount "75"]
[EventDate "2019.07.20"]
[EventType "swiss"]
[EventCountry "SUI"]
[SourceTitle "playchess.com"]
[Source "ChessBase"]
[SourceQuality "1"]
[TimeControl "40/5400+30:1800+30"]

1. e4 c5 2. Nf3 Nc6 3. Bb5 g6 4. Bxc6 dxc6 5. d3 Bg7 6. h3 Nf6 7. Nc3 Nd7 8. Be3 e5 9. Qc1 h6 10. O-O b6 11. a3 Nf8 12. b4 Ne6 13. bxc5 bxc5 14. Na4 Qa5 15. Nb2 Qc7 16. Nd2 f5 17. f3 f4 18. Bf2 g5 19. Na4 Qa5 20. Nxc5 h5 21. Rb1 Bf8 22. Nc4 Qc7 23. Rb7 Bxb7 24. Nxe6 Qe7 25. Nxf8 Kxf8 26. Qb2 Re8 27. Nxe5 Qxe5 28. Bd4 Qb5 29. Bxh8 Qxb2 30. Bxb2 Kf7 31. Bd4 Ra8 32. Rb1 Bc8 33. Bc5 a5 34. Rb6 Bd7 35. Rb7 Ke6 36. d4 Rg8 37. c4 Bc8 38. Rc7 {[%emt 0:00:15] Kd5} 1-0

[Event "Biel Master Tournament 2019"]
[Site "Biel"]
[Date "2019.07.28"]
[Round "6.16"]
[White "Tania, Sachdev"]
[Black "Shyam, Sundar M."]
[Result "0-1"]
[ECO "A21"]
[WhiteElo "2401"]
[BlackElo "2520"]
[Annotator "ChessBase"]
[PlyCount "78"]
[EventDate "2019.07.20"]
[EventType "swiss"]
[EventCountry "SUI"]
[SourceTitle "playchess.com"]
[Source "ChessBase"]
[SourceQuality "1"]
[TimeControl "40/5400+30:1800+30"]

1. d4 d6 2. c4 e5 3. Nc3 exd4 4. Qxd4 Nc6 5. Qd2 Nf6 6. b3 Be6 7. e4 a5 8. Bb2 a4 9. Rd1 axb3 10. axb3 g6 11. Bd3 Bg7 12. Nge2 Nd7 13. Nd5 Nce5 14. Bb1 Nc5 15. Nd4 O-O 16. Bc3 c6 17. Ne3 Qg5 18. Qe2 f5 19. b4 f4 20. bxc5 fxe3 21. f4 Qxf4 22. Nxe6 Qh4+ 23. g3 Qh3 24. Ng5 Qh6 25. Bxe5 Bxe5 26. Qg4 Rf2 27. Rd3 Qf8 28. Qe6+ Kh8 29. Qd7 Bg7 30. Ne6 Ra1 31. Qxg7+ Qxg7 32. Nxg7 Rxb1+ 33. Rd1 Rbb2 34. Rxd6 Kxg7 35. e5 Kf7 36. Rd3 Rbe2+ 37. Kd1 Ke6 38. Re1 Ra2 39. Rd6+ Kxe5 0-1

[Event "Biel Master Tournament 2019"]
[Site "Biel"]
[Date "2019.07.28"]
[Round "6.17"]
[White "Martirosyan, Haik M."]
[Black "Low, Zhen Yu Cyrus"]
[Result "1-0"]
[ECO "D70"]
[WhiteElo "2619"]
[BlackElo "2155"]
[Annotator "RC"]
[PlyCount "83"]
[EventDate "2019.07.20"]
[EventType "swiss"]
[EventCountry "SUI"]
[SourceTitle "playchess.com"]
[Source "ChessBase"]
[SourceQuality "1"]
[TimeControl "40/5400+30:1800+30"]

1. d4 Nf6 2. c4 g6 3. f3 d5 4. cxd5 Nxd5 5. e4 Nb6 6. Nc3 Bg7 7. Be3 O-O 8. Qd2 Nc6 9. O-O-O f5 10. h4 fxe4 11. h5 gxh5 12. Rxh5 Bf5 13. Rg5 Bg6 14. Be2 Qe8 15. fxe4 Rd8 16. d5 Ne5 17. Bd4 Nbc4 18. Qe1 Bh6 19. Qh4 Nf7 20. Nh3 e5 21. Bc5 Ncd6 22. Bg4 b6 23. Be3 Bxg5 24. Nxg5 Qe7 25. Be6 Rde8 26. Rh1 Kh8 27. g4 Nd8 28. Bf5 Rg8 29. Qh6 Qg7 30. Qh2 Re7 31. b3 Rf8 32. Qh4 Kg8 33. Ne6 Nxe6 34. dxe6 Rfe8 35. Bh6 Qh8 36. Rf1 c6 37. Qg5 Rg7 38. Qf6 Rge7 39. Qg5 Rg7 40. Qd2 Nb7 41. Bxg6 hxg6 42. Bxg7 1-0

[Event "Biel Master Tournament 2019"]
[Site "Biel"]
[Date "2019.07.28"]
[Round "6.18"]
[White "Akash G"]
[Black "Antipov, Mikhail Al."]
[Result "1-0"]
[ECO "B90"]
[WhiteElo "2394"]
[BlackElo "2582"]
[Annotator "ChessBase"]
[PlyCount "57"]
[EventDate "2019.07.20"]
[EventType "swiss"]
[EventCountry "SUI"]
[SourceTitle "playchess.com"]
[Source "ChessBase"]
[SourceQuality "1"]
[TimeControl "40/5400+30:1800+30"]

1. e4 c5 2. Nf3 d6 3. d4 cxd4 4. Nxd4 Nf6 5. Nc3 a6 6. Be3 e5 7. Nb3 Be6 8. h3 Nbd7 9. g4 g6 10. Qd2 b5 11. Bg2 Nb6 12. Na5 Qc7 13. f4 Na4 14. Nxa4 bxa4 15. O-O Be7 16. f5 Bd7 17. b4 Rb8 18. a3 Bc6 19. Qd3 Rc8 20. c4 gxf5 21. Rxf5 Bd7 22. Raf1 Bxf5 23. exf5 d5 24. g5 e4 25. Qd4 Rg8 26. gxf6 Qg3 27. Rf2 Bd6 28. Qxd5 Qxh3 29. Qxd6 1-0

[Event "Biel Master Tournament 2019"]
[Site "Biel"]
[Date "2019.07.28"]
[Round "6.19"]
[White "Bellahcene, Bilel"]
[Black "Karavade, Eesha"]
[Result "1/2-1/2"]
[ECO "E04"]
[WhiteElo "2541"]
[BlackElo "2355"]
[Annotator "ChessBase"]
[PlyCount "121"]
[EventDate "2019.07.20"]
[EventType "swiss"]
[EventCountry "SUI"]
[SourceTitle "playchess.com"]
[Source "ChessBase"]
[SourceQuality "1"]
[TimeControl "40/5400+30:1800+30"]

1. d4 Nf6 2. c4 e6 3. Nf3 d5 4. g3 dxc4 5. Bg2 c5 6. O-O Nc6 7. dxc5 Qxd1 8. Rxd1 Bxc5 9. Nbd2 c3 10. bxc3 O-O 11. Nb3 Be7 12. Nfd4 Bd7 13. Nb5 Ne5 14. N3d4 a6 15. Ba3 Bxa3 16. Nxa3 Rac8 17. Bxb7 Rxc3 18. Nb1 Rc5 19. Bxa6 Ba4 20. Re1 Ra8 21. Bb7 Rd8 22. e3 Nd3 23. Rf1 e5 24. Ne2 Rb8 25. Nbc3 Bc2 26. Bg2 Ra5 27. a4 Nc5 28. Ra2 Bd3 29. Rfa1 g6 30. h3 Bc4 31. Ra3 Rb2 32. Bf1 Nfe4 33. Nd1 Rxe2 34. Bxe2 Bxe2 35. Nb2 Kf8 36. Re1 Ba6 37. Kg2 Ke7 38. f3 Nd6 39. Rc1 e4 40. f4 Ke6 41. Rb1 Nd3 42. Nd1 Nc4 43. Ra2 Nc5 44. Rb4 h5 45. g4 hxg4 46. hxg4 Kd6 47. Kg3 Kc7 48. Rh2 Rxa4 49. Rxa4 Nxa4 50. f5 gxf5 51. gxf5 Nc5 52. Kg4 Kd7 53. Kg5 Ke7 54. Rh8 Nd6 55. Nc3 Bc4 56. Ra8 f6+ 57. Kf4 Nd3+ 58. Kg4 Ne5+ 59. Kf4 Nd3+ 60. Kg4 Ne5+ 61. Kf4 1/2-1/2

[Event "Biel Master Tournament 2019"]
[Site "Biel"]
[Date "2019.07.28"]
[Round "6.20"]
[White "Haimovich, Tal"]
[Black "Stany, G.A."]
[Result "1/2-1/2"]
[ECO "B49"]
[WhiteElo "2379"]
[BlackElo "2525"]
[Annotator "ChessBase"]
[PlyCount "127"]
[EventDate "2019.07.20"]
[EventType "swiss"]
[EventCountry "SUI"]
[SourceTitle "playchess.com"]
[Source "ChessBase"]
[SourceQuality "1"]
[TimeControl "40/5400+30:1800+30"]

1. e4 c5 2. Nf3 e6 3. d4 cxd4 4. Nxd4 Nc6 5. Nc3 Qc7 6. Be2 a6 7. O-O Nf6 8. Be3 Bb4 9. Nxc6 bxc6 10. Qd4 c5 11. Qc4 Bb7 12. a3 d5 13. exd5 exd5 14. Qf4 Qxf4 15. Bxf4 Ba5 16. Bf3 Bc6 17. Bd6 Bb6 18. Be5 Ne4 19. Bxg7 Rg8 20. Bxe4 dxe4 21. Bh6 O-O-O 22. Be3 Ba5 23. Rfb1 c4 24. Ne2 Bc7 25. Rd1 f5 26. g3 Be5 27. Bd4 Bc7 28. Be3 Be5 29. Rxd8+ Rxd8 30. c3 Be8 31. Bd4 Bc7 32. Kf1 Bh5 33. Ke1 Kb7 34. Rd1 Kc6 35. Rd2 Kb5 36. Nc1 Ka4 37. Be3 Bf3 38. Rd4 Rxd4 39. Bxd4 Bd8 40. Kd2 Bg5+ 41. Be3 Be7 42. Kc2 Bf8 43. Na2 a5 44. Nc1 Be7 45. Bb6 Kb5 46. Ba7 Ka4 47. Kd2 Bg5+ 48. Be3 Be7 49. Bf4 Bc5 50. Ke1 Be7 51. Bh6 Bd8 52. h4 Be7 53. Kd2 Bc5 54. Be3 Bf8 55. Bf4 Bc5 56. Ke1 Bf8 57. Be3 Be7 58. Bf4 Bc5 59. Bh6 Bb6 60. Be3 Bc7 61. Kd2 Bd6 62. Kc2 Bf8 63. Kd2 f4 64. Bb6 1/2-1/2

[Event "Biel Master Tournament 2019"]
[Site "Biel"]
[Date "2019.07.29"]
[Round "7.1"]
[White "Erigaisi Arjun"]
[Black "Brkic, Ante"]
[Result "1/2-1/2"]
[ECO "E15"]
[WhiteElo "2531"]
[BlackElo "2573"]
[Annotator "ChessBase"]
[PlyCount "37"]
[EventDate "2019.07.20"]
[EventType "swiss"]
[EventCountry "SUI"]
[SourceTitle "playchess.com"]
[Source "ChessBase"]
[SourceQuality "1"]
[TimeControl "40/5400+30:1800+30"]

1. Nf3 d5 2. d4 Nf6 3. c4 e6 4. g3 Bb4+ 5. Bd2 Be7 6. Bg2 O-O 7. O-O c6 8. Qc2 Nbd7 9. Bf4 b6 10. Rd1 Ba6 11. b3 Rc8 12. Nc3 dxc4 13. e4 b5 14. bxc4 bxc4 15. Rab1 Qa5 16. Bd2 Qa3 17. Bc1 Qa5 18. Bd2 Qa3 19. Bc1 1/2-1/2

[Event "Biel Master Tournament 2019"]
[Site "Biel"]
[Date "2019.07.29"]
[Round "7.3"]
[White "Puranik, Abhimanyu"]
[Black "Kamsky, Gata"]
[Result "1/2-1/2"]
[ECO "B09"]
[WhiteElo "2550"]
[BlackElo "2673"]
[Annotator "ChessBase"]
[PlyCount "73"]
[EventDate "2019.07.20"]
[EventType "swiss"]
[EventCountry "SUI"]
[SourceTitle "playchess.com"]
[Source "ChessBase"]
[SourceQuality "1"]
[TimeControl "40/5400+30:1800+30"]

1. e4 g6 2. d4 Bg7 3. Nc3 d6 4. f4 Nf6 5. Nf3 c5 6. Bb5+ Bd7 7. e5 Ng4 8. Bxd7+ Qxd7 9. d5 dxe5 10. h3 e4 11. hxg4 exf3 12. Qxf3 Na6 13. Bd2 O-O-O 14. O-O-O Nb4 15. Ne4 Qa4 16. Bxb4 cxb4 17. Kb1 Kb8 18. Ng5 Rc8 19. Qb3 Qxb3 20. axb3 h6 21. Nf3 Rhd8 22. Rhe1 Rd7 23. Rd3 Rc5 24. Red1 Kc7 25. Ne5 Bxe5 26. fxe5 f6 27. exf6 exf6 28. c4 bxc3 29. bxc3 b5 30. Kb2 a5 31. Rd4 Kd6 32. Rf1 Rxd5 33. Rxf6+ Kc5 34. Rxd5+ Rxd5 35. Rxg6 Rd2+ 36. Kc1 Rxg2 37. Rxh6 1/2-1/2

[Event "Biel Master Tournament 2019"]
[Site "Biel"]
[Date "2019.07.29"]
[Round "7.5"]
[White "Donchenko, Alexander"]
[Black "Aryan, Chopra"]
[Result "1-0"]
[ECO "A34"]
[WhiteElo "2615"]
[BlackElo "2553"]
[Annotator "ChessBase"]
[PlyCount "121"]
[EventDate "2019.07.20"]
[EventType "swiss"]
[EventCountry "SUI"]
[SourceTitle "playchess.com"]
[Source "ChessBase"]
[SourceQuality "1"]
[TimeControl "40/5400+30:1800+30"]

1. Nf3 Nf6 2. c4 c5 3. Nc3 d5 4. cxd5 Nxd5 5. g3 Nc6 6. Bg2 Nc7 7. d3 e5 8. Be3 Bd7 9. O-O Be7 10. a3 O-O 11. Rb1 Re8 12. Nd2 Rb8 13. Nce4 Ne6 14. b4 cxb4 15. axb4 Bxb4 16. Bxa7 Ra8 17. Be3 f5 18. Ng5 Nxg5 19. Bxg5 Qxg5 20. Bxc6 Bxc6 21. Rxb4 Rad8 22. Nc4 Qe7 23. Qb3 Kh8 24. Na5 Bd5 25. Qb2 e4 26. dxe4 Bxe4 27. Nxb7 Rd7 28. Na5 h6 29. Nc4 Qc5 30. Ne3 Red8 31. Rb5 Qa7 32. Qa1 Qc7 33. Qc1 Qa7 34. Qa1 Qc7 35. Qa5 Qxa5 36. Rxa5 g6 37. f3 Bb7 38. Kf2 Re7 39. Rc1 Rde8 40. Rc3 Kg7 41. h4 h5 42. Ra2 Bc8 43. Ng2 Be6 44. Rb2 Bf7 45. Nf4 Ra8 46. Rc6 Ra1 47. Rbb6 Ra2 48. Rxg6+ Bxg6 49. Rxg6+ Kf7 50. Rg5 Ra5 51. Rxh5 Rae5 52. Rh7+ Kg8 53. Rh6 Kg7 54. Ra6 Re8 55. h5 Rc8 56. Ra1 Kh6 57. Ra7 Rc6 58. Rf7 Rb6 59. Ng6 Ra5 60. Ne7 Rbb5 61. f4 1-0

[Event "Biel Master Tournament 2019"]
[Site "Biel"]
[Date "2019.07.29"]
[Round "7.6"]
[White "Shyam, Sundar M."]
[Black "Erdos, Viktor"]
[Result "1/2-1/2"]
[ECO "C13"]
[WhiteElo "2520"]
[BlackElo "2603"]
[Annotator "ChessBase"]
[PlyCount "26"]
[EventDate "2019.07.20"]
[EventType "swiss"]
[EventCountry "SUI"]
[SourceTitle "playchess.com"]
[Source "ChessBase"]
[SourceQuality "1"]
[TimeControl "40/5400+30:1800+30"]

1. e4 e6 2. d4 d5 3. Nc3 dxe4 4. Nxe4 Nd7 5. Nf3 Ngf6 6. Bg5 Be7 7. Nxf6+ Bxf6 8. h4 h6 9. Be3 b6 10. Bb5 Bb7 11. Qe2 a6 12. Bd3 c5 13. c3 Qc7 1/2-1/2

[Event "Biel Master Tournament 2019"]
[Site "Biel"]
[Date "2019.07.29"]
[Round "7.7"]
[White "Tabatabaei, M.amin"]
[Black "Shchekachev, Andrei"]
[Result "1-0"]
[ECO "B42"]
[WhiteElo "2601"]
[BlackElo "2531"]
[Annotator "ChessBase"]
[PlyCount "67"]
[EventDate "2019.07.20"]
[EventType "swiss"]
[EventCountry "SUI"]
[SourceTitle "playchess.com"]
[Source "ChessBase"]
[SourceQuality "1"]
[TimeControl "40/5400+30:1800+30"]

1. e4 c5 2. Nf3 e6 3. d4 cxd4 4. Nxd4 a6 5. Bd3 Nf6 6. O-O Qc7 7. Qe2 d6 8. c4 Be7 9. Nc3 b6 10. Kh1 O-O 11. f4 Nbd7 12. Bd2 Re8 13. Rad1 Bb7 14. f5 Bd8 15. fxe6 fxe6 16. Bc2 Ne5 17. Ba4 Nfd7 18. Qh5 Bf6 19. Qh3 Nc5 20. Bxe8 Rxe8 21. b3 Qe7 22. Qe3 Ng4 23. Qg3 Ne5 24. Nf3 Nf7 25. Qg4 Bc6 26. Be1 Bd7 27. Bh4 b5 28. b4 e5 29. Qg3 Bxh4 30. Nxh4 Nb7 31. c5 dxc5 32. Nd5 Qg5 33. Qf2 Nfd6 34. bxc5 1-0

[Event "Biel Master Tournament 2019"]
[Site "Biel"]
[Date "2019.07.29"]
[Round "7.8"]
[White "Santos Latasa, Jaime"]
[Black "Gukesh D"]
[Result "1/2-1/2"]
[ECO "D37"]
[WhiteElo "2594"]
[BlackElo "2520"]
[Annotator "ChessBase"]
[PlyCount "89"]
[EventDate "2019.07.20"]
[EventType "swiss"]
[EventCountry "SUI"]
[SourceTitle "playchess.com"]
[Source "ChessBase"]
[SourceQuality "1"]
[TimeControl "40/5400+30:1800+30"]

1. d4 d5 2. c4 e6 3. Nc3 a6 4. cxd5 exd5 5. Nf3 Nf6 6. Bg5 Be6 7. e3 Nbd7 8. Bd3 Bd6 9. O-O O-O 10. Qc2 h6 11. Bf4 Qe7 12. h3 Rac8 13. Rac1 c5 14. Bxd6 Qxd6 15. dxc5 Nxc5 16. Rfd1 Rc7 17. Na4 Rfc8 18. Nxc5 Qxc5 19. Qxc5 Rxc5 20. Rxc5 Rxc5 21. Nd4 Kf8 22. f3 Ke7 23. Kf2 Rc7 24. g4 Nd7 25. Ke2 Ne5 26. h4 Nc6 27. Nf5+ Bxf5 28. Bxf5 Kd6 29. f4 d4 30. Be4 Re7 31. Kf3 Kc5 32. a3 h5 33. g5 f5 34. gxf6 gxf6 35. Rd3 f5 36. Bxc6 dxe3 37. Rxe3 Rxe3+ 38. Kxe3 Kxc6 39. Kd4 Kd6 40. a4 a5 41. b3 b6 42. Kc4 Kc6 43. b4 axb4 44. Kxb4 Kd6 45. Kb5 {[%emt 0:00:25] Ke5} 1/2-1/2

[Event "Biel Master Tournament 2019"]
[Site "Biel"]
[Date "2019.07.29"]
[Round "7.9"]
[White "Petrosyan, Manuel"]
[Black "Rahul Srivatshav P"]
[Result "1-0"]
[ECO "E62"]
[WhiteElo "2592"]
[BlackElo "2414"]
[Annotator "ChessBase"]
[PlyCount "93"]
[EventDate "2019.07.20"]
[EventType "swiss"]
[EventCountry "SUI"]
[SourceTitle "playchess.com"]
[Source "ChessBase"]
[SourceQuality "1"]
[TimeControl "40/5400+30:1800+30"]

1. d4 Nf6 2. c4 g6 3. g3 Bg7 4. Bg2 O-O 5. Nc3 d6 6. Nf3 Nc6 7. O-O e5 8. dxe5 dxe5 9. Bg5 Be6 10. Qc1 Qc8 11. Rd1 Re8 12. b3 Bf5 13. Nd2 h6 14. Bxf6 Bxf6 15. Bxc6 bxc6 16. Nde4 Bg7 17. Qe3 Qe6 18. Rd2 Bh3 19. f3 f5 20. Nf2 f4 21. Qc5 a5 22. Nxh3 Bf8 23. Qf2 Bb4 24. Rd3 Bxc3 25. Rxc3 Qxh3 26. Rd1 a4 27. b4 Rab8 28. a3 c5 29. b5 Red8 30. Rcd3 Rxd3 31. Rxd3 Rf8 32. gxf4 exf4 33. Qxc5 Qh4 34. Qd5+ Kh7 35. Qe5 Rf7 36. Qe6 Qg5+ 37. Kf1 Rg7 38. Rd5 Qh4 39. Kg2 Qe1 40. Rd7 h5 41. Rxg7+ Kxg7 42. Qe5+ Kg8 43. c5 Qa5 44. c6 Qb6 45. Kf1 Qb8 46. Qxf4 Qb6 47. Qxa4 1-0

[Event "Biel Master Tournament 2019"]
[Site "Biel"]
[Date "2019.07.29"]
[Round "7.10"]
[White "Harika, Dronavalli"]
[Black "Jumabayev, Rinat"]
[Result "1/2-1/2"]
[ECO "D85"]
[WhiteElo "2425"]
[BlackElo "2633"]
[Annotator "ChessBase"]
[PlyCount "95"]
[EventDate "2019.07.20"]
[EventType "swiss"]
[EventCountry "SUI"]
[SourceTitle "playchess.com"]
[Source "ChessBase"]
[SourceQuality "1"]
[TimeControl "40/5400+30:1800+30"]

1. d4 Nf6 2. c4 g6 3. Nc3 d5 4. cxd5 Nxd5 5. e4 Nxc3 6. bxc3 Bg7 7. Nf3 c5 8. h3 O-O 9. Be2 b6 10. Be3 Bb7 11. Qd3 Nd7 12. O-O Nf6 13. d5 e6 14. c4 exd5 15. exd5 Re8 16. Rae1 Ne4 17. Bd1 b5 18. Bb3 bxc4 19. Bxc4 Nd6 20. Rd1 Qf6 21. Ba6 c4 22. Qa3 Bxa6 23. Qxa6 Nf5 24. Qxc4 Rxe3 25. fxe3 Nxe3 26. Qc6 Rd8 27. Qxf6 Bxf6 28. Rd3 Nxf1 29. Kxf1 Kf8 30. Nd2 Rc8 31. Ne4 Bd8 32. Ke2 Rc4 33. Kf3 f5 34. Nd6 Rc2 35. Nb7 Ke8 36. d6 Kd7 37. Nxd8 Kxd8 38. Ra3 g5 39. Rxa7 h5 40. a4 g4+ 41. hxg4 fxg4+ 42. Kg3 h4+ 43. Kxh4 Rxg2 44. a5 Rd2 45. Ra8+ Kd7 46. a6 Kc6 47. Rg8 Kb6 48. Rxg4 1/2-1/2

[Event "Biel Master Tournament 2019"]
[Site "Biel"]
[Date "2019.07.29"]
[Round "7.11"]
[White "Harsha, Bharathakoti"]
[Black "Martirosyan, Haik M."]
[Result "0-1"]
[ECO "C01"]
[WhiteElo "2319"]
[BlackElo "2619"]
[Annotator "ChessBase"]
[PlyCount "62"]
[EventDate "2019.07.20"]
[EventType "swiss"]
[EventCountry "SUI"]
[SourceTitle "playchess.com"]
[Source "ChessBase"]
[SourceQuality "1"]
[TimeControl "40/5400+30:1800+30"]

1. e4 e6 2. d4 d5 3. Nc3 Bb4 4. exd5 exd5 5. Bd3 Nf6 6. Nge2 c6 7. O-O O-O 8. a3 Be7 9. Bf4 Nh5 10. Be3 Bd6 11. Qd2 Qc7 12. Ng3 Nf4 13. Bf5 Nd7 14. Nce2 Nxe2+ 15. Qxe2 g6 16. Bd3 f5 17. Bh6 Rf7 18. Qe8+ Nf8 19. f4 Qb6 20. Ne2 Rb8 21. Bxf8 Rxf8 22. Qe3 c5 23. c4 cxd4 24. Qf3 Be6 25. cxd5 Bf7 26. Qf2 Rfe8 27. Rfd1 Qxb2 28. Rab1 Qxa3 29. Nxd4 Bc5 30. Kh1 Bxd5 31. Bb5 Re4 0-1

[Event "Biel Master Tournament 2019"]
[Site "Biel"]
[Date "2019.07.29"]
[Round "7.12"]
[White "Drozdowski, Kacper"]
[Black "Gopal G.N."]
[Result "0-1"]
[ECO "B55"]
[WhiteElo "2485"]
[BlackElo "2594"]
[Annotator "ChessBase"]
[PlyCount "92"]
[EventDate "2019.07.20"]
[EventType "swiss"]
[EventCountry "SUI"]
[SourceTitle "playchess.com"]
[Source "ChessBase"]
[SourceQuality "1"]
[TimeControl "40/5400+30:1800+30"]

1. e4 c5 2. Nf3 d6 3. d4 cxd4 4. Nxd4 Nf6 5. f3 e5 6. Nb3 d5 7. Bg5 Be6 8. Bxf6 gxf6 9. exd5 Qxd5 10. Qxd5 Bxd5 11. Nc3 Be6 12. O-O-O Nc6 13. Bb5 Rc8 14. Ne4 Ke7 15. Nec5 b6 16. Nxe6 fxe6 17. Kb1 Bh6 18. Rhe1 Rhg8 19. g3 Rgd8 20. Rxd8 Nxd8 21. Bd3 Nf7 22. h4 f5 23. g4 fxg4 24. fxg4 Bf4 25. g5 h6 26. g6 Nd6 27. c3 Kf6 28. h5 Nf5 29. Rd1 Ng3 30. Bc2 Rc7 31. Nd2 Bxd2 32. Rxd2 Nxh5 33. Rh2 Kg5 34. Rg2+ Kf6 35. Rh2 Ng3 36. g7 Rxg7 37. Rxh6+ Kg5 38. Rxe6 Kf4 39. b4 e4 40. Kb2 e3 41. Bd3 Kf3 42. Kc2 Nh5 43. c4 Nf4 44. Be4+ Kf2 45. Rf6 Kg3 46. Kd1 Re7 0-1

[Event "Biel Master Tournament 2019"]
[Site "Biel"]
[Date "2019.07.29"]
[Round "7.13"]
[White "Vaibhav, Suri"]
[Black "Aditya Mittal"]
[Result "1-0"]
[ECO "B92"]
[WhiteElo "2591"]
[BlackElo "2429"]
[Annotator "ChessBase"]
[PlyCount "105"]
[EventDate "2019.07.20"]
[EventType "swiss"]
[EventCountry "SUI"]
[SourceTitle "playchess.com"]
[Source "ChessBase"]
[SourceQuality "1"]
[TimeControl "40/5400+30:1800+30"]

1. e4 c5 2. Nf3 d6 3. d4 cxd4 4. Nxd4 Nf6 5. Nc3 a6 6. Be2 e5 7. Nb3 Be7 8. Be3 Be6 9. f4 exf4 10. Bxf4 Qb6 11. Qd2 Nc6 12. O-O-O Ne5 13. Nd4 O-O 14. g4 Qa5 15. Nf5 Bxf5 16. exf5 Rfe8 17. g5 Nfd7 18. Kb1 Rac8 19. Nd5 Qxd2 20. Nxe7+ Kf8 21. Rxd2 Kxe7 22. Rhd1 Rc6 23. Bf1 Rec8 24. b3 R8c7 25. h4 Nc5 26. Bg2 Rb6 27. f6+ gxf6 28. gxf6+ Kxf6 29. Bg5+ Kg7 30. Bd8 Ne6 31. Bxc7 Nxc7 32. Rxd6 Rb4 33. h5 Nb5 34. h6+ Kf8 35. Rd8+ Ke7 36. R1d2 b6 37. Rc8 Rh4 38. a4 Nd6 39. Rc7+ Ke6 40. a5 bxa5 41. Ra7 Ne4 42. Rxa6+ Kf5 43. Bxe4+ Rxe4 44. Rxa5 Kg6 45. Ra6+ f6 46. c4 Kxh6 47. Rxf6+ Kg5 48. Rff2 Nc6 49. Rg2+ Kf4 50. Rdf2+ Ke5 51. Re2 Nd4 52. Rg5+ Kf4 53. Rg4+ 1-0

[Event "Biel Master Tournament 2019"]
[Site "Biel"]
[Date "2019.07.29"]
[Round "7.14"]
[White "Moussard, Jules"]
[Black "Akash G"]
[Result "1-0"]
[ECO "C95"]
[WhiteElo "2576"]
[BlackElo "2394"]
[Annotator "ChessBase"]
[PlyCount "75"]
[EventDate "2019.07.20"]
[EventType "swiss"]
[EventCountry "SUI"]
[SourceTitle "playchess.com"]
[Source "ChessBase"]
[SourceQuality "1"]
[TimeControl "40/5400+30:1800+30"]

1. e4 e5 2. Nf3 Nc6 3. Bb5 a6 4. Ba4 Nf6 5. O-O Be7 6. Re1 b5 7. Bb3 d6 8. c3 O-O 9. h3 Nb8 10. d4 Nbd7 11. Nbd2 Bb7 12. Bc2 Re8 13. Nf1 Bf8 14. Ng3 g6 15. a4 c5 16. d5 c4 17. Bg5 h6 18. Be3 Nc5 19. Nd2 Nfd7 20. Qe2 Qc7 21. Ra3 Nb6 22. a5 Nbd7 23. Rc1 Bc8 24. Ngf1 Bg7 25. Nxc4 bxc4 26. Qxc4 Ne6 27. Nd2 Qxc4 28. Nxc4 Nf4 29. Nxd6 Rd8 30. Nxc8 Rdxc8 31. Kf1 Nc5 32. b4 Ncd3 33. Rb1 Nxb4 34. Rxb4 Bf8 35. Rbb3 Bxa3 36. Rxa3 Rab8 37. Bb6 Rc4 38. g3 1-0

[Event "Biel Master Tournament 2019"]
[Site "Biel"]
[Date "2019.07.29"]
[Round "7.15"]
[White "Mastrovasilis, Athanasios"]
[Black "Dhulipalla Bala Chandra Prasad"]
[Result "1/2-1/2"]
[ECO "D31"]
[WhiteElo "2518"]
[BlackElo "2419"]
[Annotator "ChessBase"]
[PlyCount "132"]
[EventDate "2019.07.20"]
[EventType "swiss"]
[EventCountry "SUI"]
[SourceTitle "playchess.com"]
[Source "ChessBase"]
[SourceQuality "1"]
[TimeControl "40/5400+30:1800+30"]

1. d4 d5 2. c4 e6 3. Nc3 a6 4. cxd5 exd5 5. Nf3 c6 6. Bf4 Bd6 7. Bxd6 Qxd6 8. e3 Nf6 9. Qc2 O-O 10. Bd3 b6 11. O-O Bb7 12. e4 dxe4 13. Nxe4 Nxe4 14. Bxe4 h6 15. Ne5 Nd7 16. Nc4 Qc7 17. Rfe1 Nf6 18. Bf3 Rad8 19. Rad1 b5 20. Ne3 Rd7 21. Qc5 g6 22. h4 h5 23. Qg5 Nh7 24. Qc5 Rfd8 25. Rc1 Qf4 26. Bxc6 Bxc6 27. Qxc6 Rd6 28. Qb7 Qxh4 29. d5 Qb4 30. Red1 Ng5 31. Rc8 Rxc8 32. Qxc8+ Kg7 33. Qc3+ Qxc3 34. bxc3 Ne4 35. c4 bxc4 36. Nxc4 Rd8 37. d6 Kf6 38. f3 Nc3 39. Rd3 Nxa2 40. Na5 Rd7 41. Nc4 Nb4 42. Rd4 Nc6 43. Rd5 Ke6 44. Rc5 Nd4 45. Re5+ Kf6 46. Ra5 Nb5 47. Rxa6 Ke6 48. Ra1 Nxd6 49. Re1+ Kf6 50. Rd1 Ke7 51. Re1+ Kd8 52. Nxd6 Rxd6 53. Kf2 Re6 54. Ra1 Ke7 55. f4 Kf6 56. Kf3 Rb6 57. Ra3 Rb5 58. g3 Kf5 59. Rc3 f6 60. Ra3 g5 61. fxg5 Kxg5 62. Rc3 Rf5+ 63. Kg2 Kg4 64. Rc4+ Kg5 65. Rc8 Ra5 66. Rc3 Rf5 1/2-1/2